Map: Deathaura LE

Players

A.I. 1 (Easy)

  • Race: Zerg Zerg
  • Spawn Location: 5:00

Hydra - Winner!

  • Race: Protoss Protoss
  • Spawn Location: 11:00

VOD

Have the link to the VOD?

Description

Time

  • Played on: Sept. 18, 2020, 3:31 p.m.
  • Length: 11:23
Show
View Real Time Build Order
Export as new Build Order

A.I. 1 (Easy) Zerg 

Build Orders: Pool First 

Get SALT Encoding   

  12  0:01  Drone  
  13  0:12  Overlord  
  13  0:16  Drone  
  14  0:30  Drone  
  14  0:35  Drone  
  16  0:43  Spawning Pool  
  16  0:44  Extractor  
  16  0:46  Drone  
  15  0:50  Drone  
  16  0:58  Overlord  
  16  1:30  Queen  
  16  1:31  Zergling x2  
  16  1:32  Roach Warren  
  18  1:34  Extractor  
  18  1:35  Drone  
  18  1:42  Drone  
  18  1:43  Zergling x2  
  20  1:55  Zergling x2  
  21  2:08  Zergling x2  
  22  2:14  Overlord  
  22  2:25  Zergling x2  
  23  2:35  Drone  
  24  2:37  Zergling x2  
  24  2:40  Drone  
  26  2:44  Drone  
  26  2:48  Drone  
  28  2:58  Overlord  
  28  3:08  Drone  
  28  3:09  Roach  
  31  3:13  Drone  
  32  3:21  Roach  
  34  5:05  Zergling x2  
  32  5:18  Zergling x2  
  33  5:30  Zergling x2  
  34  6:40  Drone, Lair  
  34  6:41  Overlord, Roach  
  37  6:47  Drone, Hatchery  
  37  6:59  Drone  
  37  7:00  Roach  
  40  7:03  Drone  
  41  7:19  Roach  
  35  7:38  Overseer x2  
  35  7:39  Zergling x2  
  35  7:40  Hydralisk Den  
  33  7:58  Roach  
  35  7:59  Drone  
  35  8:04  Drone  
  37  8:08  Drone  
  37  8:09  Extractor  
  37  8:12  Drone, Extractor  
  37  8:17  Roach, Drone  
  40  8:21  Drone  
  40  8:25  Drone  
  42  8:30  Drone  
  44  8:34  Drone  
  44  8:36  Hydralisk  
  44  8:38  Drone  
  47  8:42  Drone  
  47  8:47  Drone  
  49  8:51  Drone  
  49  8:55  Drone, Hydralisk  
  50  8:56  Overlord  
  50  9:00  Drone  
  54  9:04  Drone  
  54  9:08  Drone  
  56  9:13  Drone  
  57  9:17  Drone  
  57  9:21  Drone  
  59  9:26  Drone  
  59  9:27  Overlord  
  59  9:30  Drone  
  61  9:34  Drone  
  62  9:39  Drone  
  62  9:41  Zergling x2  
  49  9:53  Overseer, Overlord  
  49  10:00  Hydralisk  
  48  10:11  Overlord, Drone  
  41  10:15  Zergling x2  
  41  10:16  Queen, Drone  
  41  10:20  Drone  
  39  10:24  Drone  
  34  10:29  Zergling x2  
  34  10:30  Drone  
  28  10:39  Overseer  
  28  10:40  Drone  
  21  10:50  Overlord  
  21  10:52  Overseer  
  20  11:02  Hydralisk Den  
  20  11:03  Roach  
Show
View Real Time Build Order
Export as new Build Order

Hydra Protoss - Winner!

Build Orders:  

Get SALT Encoding   

  12  0:03  Probe  
  13  0:15  Pylon  
  13  0:18  Probe (Chrono Boost)  
  14  0:30  Probe (Chrono Boost)  
  15  0:37  Gateway  
  15  0:43  Probe  
  16  0:55  Probe  
  17  1:02  Assimilator  
  17  1:07  Probe (Chrono Boost)  
  18  1:17  Probe (Chrono Boost)  
  19  1:31  Pylon  
  19  1:53  Cybernetics Core  
  19  2:06  Assimilator  
  19  2:07  Probe (Chrono Boost)  
  20  2:17  Probe (Chrono Boost)  
  20  2:22  Nexus, Probe (Chrono Boost)  
  22  2:40  Warp Gate  
  22  2:49  Gateway  
  22  2:51  Gateway x2  
  22  2:54  Probe  
  23  3:06  Probe (Chrono Boost)  
  24  3:18  Probe (Chrono Boost)  
  25  3:26  Probe (Chrono Boost)  
  26  3:32  Probe  
  27  3:34  Adept  
  29  3:42  Sentry  
  31  3:51  Pylon  
  31  3:54  Pylon  
  31  4:04  Twilight Council, Adept  
  33  4:44  Stalker x2  
  33  4:45  Stalker x2  
  41  5:08  Stalker  
  41  5:09  Stalker  
  41  5:10  Stalker x2  
  41  5:15  Blink  
  41  5:19  Probe  
  34  5:31  Probe  
  35  5:43  Probe  
  34  5:51  Robotics Facility  
  34  5:55  Probe  
  35  5:57  Robotics Facility  
  35  6:04  Stalker x2  
  37  6:06  Stalker  
  37  6:07  Stalker  
  37  6:08  Probe  
  44  6:29  Stalker  
  46  6:34  Protoss Air Weapons Level 1  
  46  6:41  Assimilator, Probe (Chrono Boost)  
  46  6:44  Assimilator  
  47  6:52  Probe (Chrono Boost)  
  48  6:56  Immortal  
  48  6:57  Probe (Chrono Boost)  
  53  7:07  Probe, Pylon  
  54  7:11  Pylon  
  54  7:19  Pylon  
  54  7:23  Probe  
  54  7:26  Stalker  
  54  7:27  Stalker  
  54  7:28  Stalker  
  55  7:35  Warp Prism  
  55  7:38  Pylon  
  55  7:42  Pylon  
  53  7:50  Pylon  
  53  7:52  Immortal  
  53  7:53  Pylon  
  57  8:24  Stalker x2  
  57  8:25  Stalker x2  
  65  8:33  Nexus  
  65  8:59  Stalker  
  65  9:00  Stalker x3  
  73  9:43  Immortal x2  
  75  10:07  Stalker x2  
  77  10:08  Stalker x2  
  83  10:22  Immortal  
  83  10:23  Immortal  
  89  11:00  Stalker x3  
  89  11:01  Stalker  
Tags
 
Matchup
PvZ
Opening
Pool First
Replay Pack
test
Spawn Locations
Cross Positions
Add a new tag
Caveats
  • Supply blocks, unpowered buildings, or Contaminate may cause inaccurate times.
  • Supply counts are checked every 10 seconds.